 Dungeon Crawl Stone Soup version 0.28-a0-1080-g05a166d0ed (webtiles) character file.

Game seed: 2943348013295375384

77 horus123 the Shooter (level 4, -1/25 HPs)
             Began as a Deep Elf Hunter on Dec 9, 2021.
             Slain by a gnoll (4 damage)
             ... on level 2 of the Dungeon.
             The game lasted 00:04:27 (1501 turns).

horus123 the Shooter (Deep Elf Hunter)              Turns: 1501, Time: 00:04:28

Health: -1/25      AC:  3    Str: 15    XL:     4   Next: 14%
Magic:  9/9        EV: 12    Int: 16    God:
Gold:   102        SH:  0    Dex: 17    Spells: 6/7 levels left

rFire   . . .      SeeInvis .   b - +0 short sword
rCold   . . .      Faith    .   (no shield)
rNeg    . . .      Spirit   .   c - +0 leather armour
rPois   .          Reflect  .   (no helmet)
rElec   .          Harm     .   (no cloak)
rCorr   .          Rampage  .   (no gloves)
Will    .....                   (no boots)
Stlth   ++........              (no amulet)
HPRegen 0.08/turn               f - +6 ring of strength
MPRegen 0.11/turn               (no ring)

@: no status effects
A: no striking features
a: no special abilities


You were on level 2 of the Dungeon.
You visited 1 branch of the dungeon, and saw 2 of its levels.

You collected 102 gold pieces.

Inventory:

Hand Weapons
 a - a +2 shortbow
 b - a +0 short sword (weapon)
Armour
 c - a +0 leather armour (worn)
Jewellery
 f - a +6 ring of strength (left hand)
Potions
 e - a potion of heal wounds {unknown}


   Skills:
 - Level 1.5 Fighting
 - Level 7.0 Bows
 - Level 2.4 Dodging
 - Level 1.2 Stealth
 - Level 2.0 Spellcasting
 - Level 1.1 Hexes


You had 6 spell levels left.
You knew the following spells:

 Your Spells              Type           Power      Damage    Failure   Level
a - Slow                  Hex            20%        N/A       16%         1

Your spell library contained the following spells:

 Spells                   Type           Power      Damage    Failure   Level
 Confusing Touch          Hex            5%         N/A       43%         3
 Gell's Gravitas          Tloc           1%         N/A       58%         3
 Lesser Beckoning         Tloc           1%         N/A       58%         3
 Teleport Other           Tloc           1%         N/A       58%         3
 Vampiric Draining        Necr           1%         2d6       58%         3


Dungeon Overview and Level Annotations

Branches:
Dungeon (2/15)

Altars:

Shops:
D:1 =(::(


Message History

You hit the gnoll.
You kill the gnoll!
Your Hexes skill increases to level 1!
Things that are here:
a +0 flail; a gnoll corpse
d - an arrow
d - 2 arrows (gained 1)
A gnoll comes into view. It is wielding a +0 whip.
The gnoll moves out of view.
a - a +2 shortbow (weapon)
Fire: 2 arrows
Press: ? - help, Q - select action, (/) - cycle Shift-Dir - straight line, f - gnoll
Aim: a gnoll, wielding a +0 whip and wearing a +0 chain mail (75% to hit)
You shoot an arrow.
The arrow hits the gnoll but does no damage.
Fire: arrow
Press: ? - help, Q - select action, (/) - cycle Shift-Dir - straight line, f/p - gnoll
Aim: a gnoll, wielding a +0 whip and wearing a +0 chain mail (75% to hit)
You shoot an arrow. The arrow hits the gnoll.
The gnoll is heavily wounded.
The gnoll closely misses you.
Sorry, you're not good enough to have a special ability.
b - a +0 short sword (weapon)
You hit the gnoll but do no damage.
The gnoll is heavily wounded.
The gnoll hits you with a +0 whip! x2
You hit the gnoll but do no damage.
The gnoll is heavily wounded.
The gnoll hits you with a +0 whip.
* * * LOW HITPOINT WARNING * * *
You hit the gnoll but do no damage.
The gnoll is heavily wounded.
The gnoll barely misses you.
You hit the gnoll but do no damage.
The gnoll is heavily wounded.
The gnoll completely misses you.
You hit the gnoll but do no damage.
The gnoll is heavily wounded.
The gnoll hits you with a +0 whip.
You die...

#######.##..##
........##..#
#.
........##..#
#.
...(.)..###.##
#. ........#
#..# #.
.......)# #..##
#. .....(..#
#...# #.
#######g# #†#.#
##. #@# #.#.#
#.. #.# #.#.#
#.# ###.# #.#.#
# # #...# #.#.#
# #)#####.#.##
.# #
#..........#..#
#
#######.#..#..#
# #.#..#..## #
#........#.# #


You could see a gnoll.

Vanquished Creatures
  2 gnolls (D:2)
  A worm (D:2)
  2 dart slugs
  3 bats (D:1)
  6 endoplasms
  A giant cockroach (D:1)
  5 goblins
  6 hobgoblins
  4 jackals (D:1)
  3 quokkas (D:1)
  4 ball pythons (D:1)
  2 frilled lizards
  2 kobolds
  5 rats
46 creatures vanquished.

Notes
Turn   | Place    | Note
-------+----------+-------------------------------------------
     0 | D:1      | horus123 the Deep Elf Hunter began the quest for the Orb.
     0 | D:1      | Reached XP level 1. HP: 12/12 MP: 3/3
    54 | D:1      | Reached skill level 6 in Bows
    54 | D:1      | Reached XP level 2. HP: 4/16 MP: 4/4
   303 | D:1      | Found Ytacyuk's Book Shop.
   316 | D:1      | Found Ycyadi's Weapon Shop.
   364 | D:1      | Found Pepsenwa's Weapon Shop.
   590 | D:1      | Found Fesm's Book Emporium.
   869 | D:1      | Reached XP level 3. HP: 20/20 MP: 5/5
   888 | D:1      | Found a faded altar of an unknown god.
   913 | D:1      | Found Biuhid's Jewellery Boutique.
   926 | D:1      | Learned a level 1 spell: Slow
  1250 | D:2      | Reached skill level 7 in Bows
  1413 | D:2      | Reached skill level 1 in Spellcasting
  1468 | D:2      | Reached XP level 4. HP: 25/25 MP: 7/9
  1480 | D:2      | Reached skill level 1 in Hexes
  1501 | D:2      | Slain by a gnoll

Illustrated notes

Levels and vault maps discovered:
D:1:      erik_arrival_blinker_ship, layout_loops_ring,
          shapermc_ecumenical_altar_pompeii, serial_shops, shop,
          nicolae_shop_bloodbath_and_beyond, nicolae_shop_behind_doors,
          nicolae_lakefront_shop, shop
D:2:      layout_basic

Skill      XL: |  1  2  3  4 |
---------------+-------------+-----
Bows           | 6 7 |  7.0
Spellcasting   | 2 |  2.0
Hexes          | 1 |  1.1
Fighting       | |  1.5
Dodging        | |  2.4
Stealth        | |  1.2

Action                   |  1- 3 |  4- 6 || total
-------------------------+-------+-------++-------
Melee: Short sword       |     4 |     6 ||    10
 Fire: Shortbow          |    98 |     4 ||   102
  Use: Scroll            |     5 |       ||     5
Armor: Leather armour    |     7 |       ||     7
Dodge: Dodged            |    28 |     3 ||    31

Table legend: (Time is in decaauts)
 A = Elapsed time spent in this place.
 B = Non-inter-level travel time spent in this place.
 C = Inter-level travel time spent in this place.
 D = Time resting spent in this place.
 E = Time spent auto-exploring this place.
 F = Levels seen in this place.
 G = Mean time per level.
                   A        B        C        D        E       F      G
               +--------+--------+--------+--------+--------+-----+--------+
         Total |   1494 |   1453 |     41 |    214 |    937 |   2 |  747.0 |
       Dungeon |   1494 |   1453 |     41 |    214 |    937 |   2 |  747.0 |
               +--------+--------+--------+--------+--------+-----+--------+

Top non-repeatable levels by time:
     D:1: 1126 daAuts
     D:2: 368 daAuts
